 Dungeon Crawl Stone Soup version 0.31-a0-700-gf13585253f (webtiles) character file.

Game seed: 3609224922670434738

22 Xavori the Trooper (level 2, -1/21 HPs)
             Began as an Octopode Chaos Knight on Sept 7, 2023.
             Was a Plaything of Xom.
             Slain by a kobold
             ... wielding a +0 short sword
              (4 damage)
             ... on level 1 of the Dungeon.
             The game lasted 00:00:35 (781 turns).

Xavori the Trooper (Octopode Chaos Knight)           Turns: 781, Time: 00:00:35

Health: -1/21      AC:  1    Str: 11    XL:     2   Next: 91%
Magic:  2/2        EV: 13    Int: 14    God:    Xom [..*...]
Gold:   53         SH:  0    Dex: 11    Spells: 1/1 levels left

rFire   . . .        a - +0 short sword (chaos)
rCold   . . .        (no shield)
rNeg    . . .        (helmet restricted)
rPois   .            (no amulet)
rElec   .            (no ring)
rCorr   .            (no ring)
SInv    .            (no ring)
Will    .....        (no ring)
Stlth   ++           (no ring)
HPRegen 0.23/turn    (no ring)
MPRegen 0.08/turn    (no ring)
                     (no ring)

%: no passive effects
@: no status effects
A: almost no armour, amphibious, 8 rings, camouflage 1, gelatinous body 1,
(nimble swimmer 1), tentacles
a: Renounce Religion


You were on level 1 of the Dungeon.
You worshipped Xom.
You were a toy of Xom.
You visited 1 branch of the dungeon, and saw 1 of its levels.

You collected 53 gold pieces.

Inventory:

Hand Weapons
 a - a +0 short sword of chaos (weapon)
Scrolls
 b - a scroll of butterflies
 c - a scroll of teleportation {unknown}
 d - a scroll of noise {unknown}
 f - a scroll of fear {unknown}
Potions
 e - a potion of curing {unknown}


   Skills:
 + Level 3.4 Fighting
 + Level 3.2 Short Blades
 + Level 2.6 Dodging
 + Level 1.0 Stealth


You had one spell level left.
You didn't know any spells.
Your spell library was empty.

Dungeon Overview and Level Annotations

Branches:
Dungeon (1/15)

Altars:


Innate Abilities, Weirdness & Mutations

You cannot wear most types of armour.
You are amphibious.
You can wear up to eight rings at the same time.
Your skin changes colour to match your surroundings (Stealth+).
Your rubbery body absorbs attacks. (AC +1, EV +1)
((You are camouflaged when in or above water. (Stealth+)))
You have tentacles for arms and can constrict up to eight enemies at once.


Message History

There is an open door here.
Key pressed, stopping explore.
No target in view! "Let's go for a ride!"
Your surroundings suddenly seem different.
Unknown command.
Unknown command.
There is an open door here.
Found an escape hatch in the floor.
No target in view!
Key pressed, stopping explore.
No target in view!
No target in view!
You now have 53 gold pieces (gained 8).
A kobold comes into view. It is wielding a +0 short sword.
A kobold comes into view. It is wielding a +0 short sword.
The kobold shouts!
The kobold moves out of view.
A kobold is nearby!
The kobold throws a stone.
The stone closely misses you.
There are monsters nearby!
The kobold shouts!
The kobold throws a stone.
The stone hits you.
The kobold hits you with a +0 short sword. x2
You closely miss the kobold. You grab the kobold.
Your squeeze misses the kobold. You constrict the kobold.
The kobold misses you.
The kobold hits you with a +0 short sword.
You are too injured to fight recklessly!
Unknown command.
You are too injured to fight recklessly!
Unknown command.
You are too injured to fight recklessly!
You are too injured to fight recklessly!
You release your grip on the kobold.
The kobold hits you with a +0 short sword.
* * * LOW HITPOINT WARNING * * *
The kobold hits you with a +0 short sword.
You die... "Huh?
Did I miss anything?"

.......##...#####.########
#########.#.#[..#.# #.##
#.......#.#.#.# ##..
#.####..#.#.#.# #..#
#.......#.#.#.# ##.#
######..#.#...### #..
####..#.#####.# #<#
#.....#.#...#.## ###
#.K@K.#.#.#.#..# ##
..........#.#.#.##.####.
..........#.#.#.##......
......#####...#.##..####
...... #####§###.....
...... #...#§# ####..
...... #.#.#§# #.# .....
#.#§#.# #.# #.#§#§# ##+#


You could see 2 kobolds.

Vanquished Creatures
  2 worms (D:1)
  A dart slug (D:1)
  2 ball pythons (D:1)
  An endoplasm (D:1)
  2 giant cockroaches (D:1)
  A goblin (D:1)
  2 bats (D:1)
  A frilled lizard (D:1)
  4 rats (D:1)
16 creatures vanquished.

Notes
Turn   | Place    | Note
-------+----------+-------------------------------------------
     0 | D:1      | Xavori the Octopode Chaos Knight began the quest for the
                  | Orb.
     0 | D:1      | Reached XP level 1. HP: 16/16 MP: 1/1
    80 | D:1      | XOM: silly message
   219 | D:1      | Reached XP level 2. HP: 12/21 MP: 2/2
   364 | D:1      | XOM: enchant monster (bad)
   377 | D:1      | Reached skill level 1 in Stealth
   671 | D:1      | XOM: 1-stop teleportation journey
   781 | D:1      | Slain by a kobold

Illustrated notes

Levels and vault maps discovered:
D:1:      dpeg_arrival_round_a, layout_basic, roderic_serpentine_path,
          nicolae_wormholes

Skill      XL: |  1  2 |
---------------+-------+-----
Stealth        | 1 |  1.0
Fighting       | |  3.4
Short Blades   | |  3.2
Dodging        | |  2.6

Action                     || total
---------------------------++-------
  Melee: Short sword       ||    34
         Constrict         ||     9
         Tentacles         ||     3
         Punch             ||     1
    Use: Scroll            ||     1
   Stab: Sleeping          ||     4
 Armour: Skin              ||    16
  Dodge: Dodged            ||    11

Table legend: (Time is in decaauts)
 A = Elapsed time spent in this place.
 B = Non-inter-level travel time spent in this place.
 C = Inter-level travel time spent in this place.
 D = Time resting spent in this place.
 E = Time spent auto-exploring this place.
 F = Levels seen in this place.
 G = Mean time per level.
                   A        B        C        D        E       F      G
               +--------+--------+--------+--------+--------+-----+--------+
         Total |    776 |    776 |      0 |      0 |    685 |   1 |  776.0 |
       Dungeon |    776 |    776 |      0 |      0 |    685 |   1 |  776.0 |
               +--------+--------+--------+--------+--------+-----+--------+

Top non-repeatable levels by time:
     D:1: 776 daAuts
